General information
- name: BNet
- type: Ladder team game (AT/RT)
- host: Battle.net
- saver: sc2no_wc4yes
map: FullScaleAssault
- players: 8
- length: 33:19
- speed: Fast
- version: 1.22 W3XP
- replay type: Public
» download(288 KB)
Players
team 1 (winner)

»
FreshWhiteNikeZ (
pink | 146 APM | 4861 actions | 33:18)
7 Death Knight
3 Death Coil
3 Unholy Aura
1 Animate Dead
7 Lich
3 Frost Nova
2 Dark Ritual
2 Death and Decay
6 Dreadlord
2 Sleep
3 Carrion Swarm
1 Inferno
» actions
Assign group hotkey | 175 | |
Basic commands | 77 | |
Build / train | 169 | |
ESC pressed | 3 | |
Enter build submenu | 32 | |
Enter hero's abilities submenu | 21 | |
Give item / drop item | 10 | |
Remove unit from queue | 2 | |
Right click | 1815 | |
Select / deselect | 757 | |
Select group hotkey | 1536 | |
Use ability | 262 | |
4861 total
» units
Acolyte | 33 | |
Ghoul | 14 | |
Gargoyle | 23 | |
Obsidian Statue | 5 | |
Frost Wyrm | 6 | |
81 total
» upgrades
Ghoul Frenzy | 1 | |
Creature Attack | 3 | |
Destroyer Form | 1 | |
Freezing Breath | 1 | |
Stone Form | 1 | |
Creature Carapace | 3 | |
10 total
» buildings
Crypt | 3 | |
Altar of Darkness | 1 | |
Ziggurat | 8 | |
Tomb of Relics | 1 | |
Necropolis | 4 | |
Halls of the Dead | 3 | |
Black Citadel | 2 | |
Sacrificial Pit | 1 | |
Graveyard | 2 | |
Boneyard | 2 | |
Slaughterhouse | 2 | |
Nerubian Tower | 3 | |
32 total
» build order
00:06 Crypt
00:10 Altar of Darkness
00:25 Ziggurat
01:04 Tomb of Relics
01:25 Ziggurat
02:27 Necropolis
02:53 Halls of the Dead
02:53 Halls of the Dead
05:14 Black Citadel
05:44 Sacrificial Pit
05:58 Ziggurat
06:01 Graveyard
06:16 Graveyard
06:25 Crypt
07:38 Boneyard
07:40 Boneyard
07:42 Slaughterhouse
08:03 Slaughterhouse
08:07 Nerubian Tower
08:08 Nerubian Tower
09:36 Ziggurat
09:37 Ziggurat
09:38 Ziggurat
12:19 Necropolis
13:30 Crypt
13:50 Ziggurat
13:50 Ziggurat
26:31 Necropolis
30:42 Necropolis
» items
Rod of Necromancy | 7 | |
Orb of Corruption | 3 | |
Scroll of Town Portal | 5 | |
Scroll of Healing | 8 | |
Potion of Lesser Invulnerability | 4 | |
Scroll of Protection | 2 | |
Potion of Healing | 1 | |
30 total

»
sc2no_wc4yes (
yellow | 60 APM | 2002 actions | 33:19)
6 Archmage
3 Blizzard
2 Brilliance Aura
1 Mass Teleport
» actions
Assign group hotkey | 46 | |
Basic commands | 66 | |
Build / train | 92 | |
ESC pressed | 6 | |
Enter build submenu | 47 | |
Enter hero's abilities submenu | 6 | |
Give item / drop item | 4 | |
Right click | 791 | |
Select / deselect | 367 | |
Select group hotkey | 423 | |
Use ability | 154 | |
2002 total
» units
Peasant | 20 | |
Goblin Shredder | 1 | |
Siege Engine | 10 | |
Goblin Zeppelin | 8 | |
Mortar Team | 4 | |
Goblin Sapper | 3 | |
46 total
» upgrades
Masonry | 3 | |
Gunpowder | 3 | |
Barrage | 1 | |
Plating | 1 | |
Fragmentation Shards | 1 | |
Lumber Harvesting | 1 | |
Flare | 1 | |
11 total
» buildings
Altar of Kings | 1 | |
Farm | 12 | |
Scout Tower | 23 | |
Arcane Tower | 2 | |
Keep | 1 | |
Town Hall | 3 | |
Lumber Mill | 1 | |
Guard Tower | 14 | |
Castle | 1 | |
Blacksmith | 1 | |
Workshop | 4 | |
63 total
» build order
00:06 Altar of Kings
00:09 Farm
01:13 Farm
01:16 Scout Tower
01:58 Arcane Tower
02:00 Farm
03:17 Keep
03:55 Town Hall
03:58 Lumber Mill
04:01 Scout Tower
04:13 Scout Tower
04:18 Scout Tower
04:24 Farm
04:42 Arcane Tower
04:44 Scout Tower
04:45 Scout Tower
05:14 Guard Tower
05:41 Castle
05:51 Scout Tower
06:26 Guard Tower
06:26 Guard Tower
06:27 Guard Tower
06:30 Scout Tower
06:42 Guard Tower
07:02 Scout Tower
07:05 Guard Tower
07:07 Scout Tower
07:07 Scout Tower
07:14 Blacksmith
07:35 Guard Tower
07:40 Guard Tower
07:43 Scout Tower
07:44 Scout Tower
07:44 Scout Tower
08:22 Guard Tower
09:16 Guard Tower
09:25 Workshop
09:25 Workshop
09:27 Workshop
09:27 Workshop
10:47 Farm
10:47 Farm
10:48 Farm
10:48 Farm
10:53 Scout Tower
10:54 Farm
10:56 Farm
10:57 Farm
10:58 Farm
11:01 Scout Tower
11:03 Scout Tower
11:34 Guard Tower
11:44 Scout Tower
11:45 Scout Tower
11:45 Scout Tower
11:47 Scout Tower
11:47 Scout Tower
12:16 Scout Tower
13:04 Guard Tower
14:33 Guard Tower
14:37 Guard Tower
28:48 Town Hall
32:15 Town Hall
» items
Boots of Speed | 1 | |
Staff of Teleportation | 1 | |
Potion of Healing | 1 | |
Scroll of Town Portal | 5 | |
Orb of Corruption | 1 | |
Potion of Invisibility | 1 | |
10 total
BuiOfAllTrades (
orange | 29 APM | 970 actions | 33:18)
4 Shadow Hunter
2 Hex
2 Healing Wave
1 Tauren Chieftain
1 War Stomp
» actions
Assign group hotkey | 32 | |
Basic commands | 5 | |
Build / train | 30 | |
Enter build submenu | 11 | |
Enter hero's abilities submenu | 5 | |
Give item / drop item | 1 | |
Remove unit from queue | 5 | |
Right click | 378 | |
Select / deselect | 330 | |
Select group hotkey | 85 | |
Use ability | 87 | |
970 total
» units
» upgrades
» buildings
Altar of Storms | 1 | |
Orc Burrow | 5 | |
Barracks | 1 | |
Voodoo Lounge | 1 | |
Stronghold | 1 | |
Great Hall | 2 | |
War Mill | 1 | |
Fortress | 1 | |
13 total
» build order
00:10 Altar of Storms
00:18 Orc Burrow
00:36 Barracks
01:28 Orc Burrow
02:02 Voodoo Lounge
02:44 Orc Burrow
05:12 Stronghold
05:20 Great Hall
05:45 War Mill
05:51 Orc Burrow
06:39 Orc Burrow
08:38 Fortress
10:46 Great Hall
» items

»
HarryPotter2212 (
purple | 58 APM | 1927 actions | 33:18)
6 Keeper of the Grove
2 Entangling Roots
3 Thorns Aura
1 Tranquility
5 Priestess of the Moon
3 Trueshot Aura
2 Scout
» actions
Assign group hotkey | 27 | |
Basic commands | 115 | |
Build / train | 76 | |
ESC pressed | 5 | |
Enter build submenu | 13 | |
Enter hero's abilities submenu | 11 | |
Remove unit from queue | 1 | |
Right click | 498 | |
Select / deselect | 371 | |
Select group hotkey | 730 | |
Use ability | 80 | |
1927 total
» units
Wisp | 19 | |
Archer | 7 | |
Huntress | 1 | |
Druid of the Talon | 10 | |
Dryad | 5 | |
Mountain Giant | 3 | |
45 total
» upgrades
Strength of the Wild | 3 | |
Abolish Magic | 1 | |
Druid of the Talon Training | 2 | |
Mark of the Talon | 1 | |
Reinforced Hides | 1 | |
8 total
» buildings
Altar of Elders | 1 | |
Moon Well | 5 | |
Ancient of War | 1 | |
Hunter's Hall | 1 | |
Tree of Ages | 3 | |
Ancient of Wonders | 1 | |
Ancient of Wind | 1 | |
Ancient of Lore | 2 | |
Tree of Eternity | 1 | |
Tree of Life | 1 | |
17 total
» build order
00:07 Altar of Elders
00:11 Moon Well
00:31 Ancient of War
01:24 Moon Well
02:23 Hunter's Hall
03:12 Tree of Ages
03:12 Tree of Ages
03:12 Tree of Ages
03:56 Moon Well
04:52 Moon Well
05:54 Ancient of Wonders
06:17 Ancient of Wind
06:33 Ancient of Lore
07:18 Tree of Eternity
11:27 Tree of Life
12:01 Moon Well
16:36 Ancient of Lore
» items
Scroll of Town Portal | 3 | |
Orb of Corruption | 1 | |
Potion of Healing | 1 | |
5 total
team 2 (loser)

»
hac1m (
blue | 83 APM | 2571 actions | 30:49)
6 Priestess of the Moon
2 Scout
3 Trueshot Aura
1 Starfall
» actions
Assign group hotkey | 23 | |
Basic commands | 378 | |
Build / train | 74 | |
ESC pressed | 8 | |
Enter build submenu | 24 | |
Enter hero's abilities submenu | 6 | |
Remove unit from queue | 2 | |
Right click | 581 | |
Select / deselect | 406 | |
Select group hotkey | 1000 | |
Use ability | 69 | |
2571 total
» units
Wisp | 34 | |
Archer | 11 | |
Huntress | 3 | |
Dryad | 8 | |
56 total
» upgrades
Improved Bows | 1 | |
Abolish Magic | 1 | |
2 total
» buildings
Altar of Elders | 2 | |
Moon Well | 5 | |
Hunter's Hall | 1 | |
Ancient of War | 4 | |
Tree of Life | 4 | |
Tree of Ages | 1 | |
Ancient of Lore | 2 | |
Tree of Eternity | 1 | |
20 total
» build order
00:17 Altar of Elders
00:21 Moon Well
01:47 Hunter's Hall
01:53 Moon Well
02:23 Ancient of War
02:46 Ancient of War
04:06 Moon Well
04:33 Moon Well
05:53 Moon Well
06:38 Tree of Life
07:44 Tree of Ages
10:45 Ancient of Lore
13:43 Ancient of Lore
18:01 Ancient of War
18:04 Ancient of War
18:10 Tree of Eternity
20:28 Tree of Life
22:47 Tree of Life
23:55 Altar of Elders
25:55 Tree of Life
» items
Scroll of Healing | 1 | |
Scroll of Town Portal | 1 | |
Potion of Lesser Invulnerability | 1 | |
Healing Salve | 1 | |
Potion of Healing | 1 | |
5 total

»
ThEbiS (
red | 117 APM | 3894 actions | 33:13)
5 Death Knight
2 Death Coil
3 Unholy Aura
5 Crypt Lord
2 Carrion Beetles
3 Impale
4 Lich
2 Frost Nova
2 Frost Armor
» actions
Assign group hotkey | 144 | |
Basic commands | 170 | |
Build / train | 112 | |
ESC pressed | 4 | |
Enter build submenu | 21 | |
Enter hero's abilities submenu | 14 | |
Give item / drop item | 5 | |
Right click | 1379 | |
Select / deselect | 541 | |
Select group hotkey | 1406 | |
Use ability | 98 | |
3894 total
» units
Acolyte | 13 | |
Ghoul | 5 | |
Crypt Fiend | 18 | |
Obsidian Statue | 2 | |
Frost Wyrm | 11 | |
Gargoyle | 7 | |
56 total
» upgrades
Creature Attack | 3 | |
Burrow | 1 | |
Web | 1 | |
5 total
» buildings
Crypt | 1 | |
Ziggurat | 9 | |
Altar of Darkness | 1 | |
Graveyard | 1 | |
Tomb of Relics | 1 | |
Halls of the Dead | 3 | |
Sacrificial Pit | 1 | |
Black Citadel | 1 | |
Slaughterhouse | 1 | |
Boneyard | 2 | |
21 total
» build order
00:11 Crypt
00:12 Ziggurat
00:41 Altar of Darkness
00:57 Graveyard
01:02 Tomb of Relics
01:56 Ziggurat
02:37 Halls of the Dead
02:37 Halls of the Dead
04:42 Ziggurat
05:08 Sacrificial Pit
05:48 Black Citadel
06:25 Slaughterhouse
06:33 Ziggurat
07:13 Ziggurat
08:22 Boneyard
08:23 Boneyard
09:33 Ziggurat
09:34 Ziggurat
18:26 Ziggurat
20:25 Ziggurat
» items
Rod of Necromancy | 2 | |
Orb of Corruption | 1 | |
Scroll of Town Portal | 7 | |
10 total
CanYouSmokeThis (
teal | 70 APM | 2339 actions | 33:13)
7 Tauren Chieftain
3 War Stomp
3 Endurance Aura
1 Reincarnation
» actions
Assign group hotkey | 47 | |
Basic commands | 76 | |
Build / train | 95 | |
ESC pressed | 9 | |
Enter build submenu | 25 | |
Enter hero's abilities submenu | 7 | |
Give item / drop item | 2 | |
Remove unit from queue | 1 | |
Right click | 1022 | |
Select / deselect | 575 | |
Select group hotkey | 356 | |
Use ability | 124 | |
2339 total
» units
Peon | 16 | |
Grunt | 23 | |
Raider | 15 | |
Troll Batrider | 13 | |
67 total
» upgrades
Melee Weapons | 3 | |
Pillage | 1 | |
Armor | 4 | |
Berserker Strength | 1 | |
Ensnare | 1 | |
Liquid Fire | 1 | |
Spiked Barricades | 1 | |
12 total
» buildings
Barracks | 2 | |
Orc Burrow | 7 | |
Altar of Storms | 2 | |
War Mill | 1 | |
Voodoo Lounge | 1 | |
Great Hall | 5 | |
Stronghold | 1 | |
Beastiary | 2 | |
Watch Tower | 2 | |
Fortress | 1 | |
24 total
» build order
00:18 Barracks
00:25 Orc Burrow
01:13 Altar of Storms
01:29 Orc Burrow
02:26 Orc Burrow
03:08 War Mill
03:43 Voodoo Lounge
04:57 Orc Burrow
05:24 Great Hall
06:23 Stronghold
07:19 Barracks
07:55 Great Hall
08:41 Orc Burrow
10:04 Beastiary
10:36 Beastiary
10:55 Watch Tower
12:01 Watch Tower
14:54 Fortress
16:03 Orc Burrow
17:41 Orc Burrow
24:15 Great Hall
25:10 Great Hall
28:59 Altar of Storms
29:13 Great Hall
» items
Healing Salve | 2 | |
Scroll of Town Portal | 3 | |
5 total
Enigmator (
green | 37 APM | 1224 actions | 33:17)
4 Tauren Chieftain
2 War Stomp
2 Endurance Aura
2 Shadow Hunter
1 Healing Wave
1 Hex
» actions
Basic commands | 28 | |
Build / train | 78 | |
ESC pressed | 16 | |
Enter build submenu | 35 | |
Enter hero's abilities submenu | 6 | |
Give item / drop item | 1 | |
Remove unit from queue | 1 | |
Right click | 606 | |
Select / deselect | 364 | |
Use ability | 89 | |
1224 total
» units
Peon | 26 | |
Troll Headhunter/Berserker | 8 | |
Wind Rider | 14 | |
Troll Batrider | 9 | |
Goblin Zeppelin | 1 | |
58 total
» upgrades
» buildings
Altar of Storms | 3 | |
Orc Burrow | 9 | |
Barracks | 2 | |
War Mill | 1 | |
Voodoo Lounge | 1 | |
Watch Tower | 2 | |
Stronghold | 1 | |
Beastiary | 2 | |
Great Hall | 10 | |
31 total
» build order
00:05 Altar of Storms
00:07 Orc Burrow
00:51 Barracks
01:18 War Mill
01:42 Orc Burrow
02:01 Voodoo Lounge
02:53 Watch Tower
03:24 Orc Burrow
04:42 Stronghold
07:17 Beastiary
07:18 Beastiary
07:23 Orc Burrow
07:40 Watch Tower
08:58 Orc Burrow
10:38 Orc Burrow
14:40 Great Hall
15:25 Great Hall
18:41 Great Hall
19:04 Great Hall
19:05 Altar of Storms
19:29 Great Hall
21:45 Orc Burrow
22:57 Great Hall
23:54 Orc Burrow
24:30 Great Hall
24:58 Great Hall
25:37 Great Hall
27:00 Great Hall
29:05 Barracks
32:09 Altar of Storms
32:15 Orc Burrow
» items
Scroll of Speed | 1 | |
Lesser Clarity Potion | 2 | |
Healing Salve | 1 | |
Potion of Mana | 2 | |
Scroll of Town Portal | 1 | |
Staff of Teleportation | 1 | |
8 total
Chat log
(00:14 / Allies) sc2no_wc4yes: the mighty nikez
(00:18 / Allies) sc2no_wc4yes: we cant lose
(00:21 / Allies) FreshWhiteNikeZ: ofc
(00:28 / All) FreshWhiteNikeZ: i never lose
(00:29 / Allies) sc2no_wc4yes: im going workshop units
(00:37 / Allies) sc2no_wc4yes: FE first
(00:54 / All) FreshWhiteNikeZ: mine?
(00:56 / Allies) sc2no_wc4yes: k
(01:26 / Allies) sc2no_wc4yes: 4 xp to level with the champ as ally
(01:30 / Allies) sc2no_wc4yes: this game has got to be jinxed
(01:47 / All) FreshWhiteNikeZ: lol
(05:19 / Allies) sc2no_wc4yes: dual aow
(05:21 / Allies) sc2no_wc4yes: o.O
(05:31 / All) FreshWhiteNikeZ: dual aow on this map
(05:32 / All) FreshWhiteNikeZ: heh
(07:00 / All) FreshWhiteNikeZ: two tcs cute
(07:18 / Allies) sc2no_wc4yes: b
(07:19 / Allies) sc2no_wc4yes: b
(07:20 / Allies) sc2no_wc4yes: b
(07:22 / Allies) sc2no_wc4yes: no afk
(07:22 / Allies) sc2no_wc4yes: b
(07:26 / Allies) sc2no_wc4yes: bud?
(07:27 / All) FreshWhiteNikeZ: ?
(08:50 / Allies) sc2no_wc4yes: :O
(09:39 / Allies) sc2no_wc4yes: what happened cdown there
(09:54 / Allies) BuiOfAllTrades: 2v1..
(10:00 / All) FreshWhiteNikeZ: np
(10:01 / All) FreshWhiteNikeZ: we dont need him
(11:19 / Allies) sc2no_wc4yes: im goin tanks
(14:51 / Allies) sc2no_wc4yes: im ready to tp a few tanks
(14:53 / Allies) sc2no_wc4yes: if they hit a main
(14:55 / Allies) sc2no_wc4yes: we tp bottom?
(14:59 / Allies) sc2no_wc4yes: or are they too much
(15:01 / All) FreshWhiteNikeZ: no
(15:03 / All) FreshWhiteNikeZ: dont
(15:07 / All) FreshWhiteNikeZ: wow
(15:08 / All) FreshWhiteNikeZ: purple
(15:08 / All) FreshWhiteNikeZ: .
(15:11 / Allies) sc2no_wc4yes: k not tping
(15:49 / Allies) sc2no_wc4yes: lure them then ill tp
(16:09 / Allies) sc2no_wc4yes: toping
(16:10 / Allies) sc2no_wc4yes: gogogog
(16:10 / Allies) sc2no_wc4yes: tping
(18:00 / All) CanYouSmokeThis: gg
(20:34 / All) ThEbiS: yellow noob
(23:08 / All) sc2no_wc4yes: our allies let every peon die on purpose
(23:11 / All) sc2no_wc4yes: just want to watch
(23:17 / All) sc2no_wc4yes: not very cool imo
(23:43 / Allies) sc2no_wc4yes: lookout
(23:52 / Allies) sc2no_wc4yes: tp
(23:54 / Allies) sc2no_wc4yes: im out
(24:30 / All) sc2no_wc4yes: rebuilt mains score
(24:32 / All) sc2no_wc4yes: 15 to 1
(26:05 / Allies) sc2no_wc4yes: rebuild you cocksucker
(26:15 / Allies) BuiOfAllTrades: no gold
(26:30 / Allies) sc2no_wc4yes: blew it all on that one grunt huh
(26:37 / All) FreshWhiteNikeZ: come
(26:43 / Allies) sc2no_wc4yes: need tp
(27:29 / Allies) sc2no_wc4yes: ptm,
(28:15 / Allies) sc2no_wc4yes: godl for a main?
(28:25 / Allies) sc2no_wc4yes: still need more
(28:41 / All) hac1m: lol dumb ass I fed you all my gold retard
(29:18 / All) sc2no_wc4yes: im gonn have 0 razings this game
(29:21 / All) sc2no_wc4yes: cuz of all ur gosu cancels
(29:36 / All) ThEbiS: GREEN VERY NOOB
(29:47 / All) FreshWhiteNikeZ: u all suck
(29:49 / All) FreshWhiteNikeZ: if u want win 2v4
(30:54 / All) sc2no_wc4yes: noone beats the master
(30:57 / All) sc2no_wc4yes: fresh white nikez
(30:59 / All) sc2no_wc4yes: not even 6v2
(31:03 / All) FreshWhiteNikeZ: ;)
(31:06 / All) ThEbiS: FUCK RETARDED
(31:15 / All) FreshWhiteNikeZ: gj yellow
(31:19 / All) FreshWhiteNikeZ: u played well
(31:29 / All) sc2no_wc4yes: easy with hu
(31:56 / Allies) sc2no_wc4yes: lol
(32:01 / All) FreshWhiteNikeZ: hah
(32:33 / All) sc2no_wc4yes: u guys have nothing to be ashamed of
(32:39 / All) sc2no_wc4yes: u play well
(32:57 / All) CanYouSmokeThis: gg
(33:01 / All) CanYouSmokeThis: fucking nub teamate
(33:03 / All) CanYouSmokeThis: we got 2 of u
(33:04 / All) FreshWhiteNikeZ: ddint lost
(33:05 / All) FreshWhiteNikeZ: 1 unit
(33:05 / All) CanYouSmokeThis: and u wion
(33:06 / All) FreshWhiteNikeZ: rofl
(33:12 / All) ThEbiS: fuck noobs